 Dungeon Crawl Stone Soup version 0.27-a0-1219-g958d993ae5 (webtiles) character file.

Game seed: 16575425137145455951

25709 siradein the Carver (level 13, -17/70 HPs)
             Began as a Vine Stalker Fighter on June 7, 2021.
             Was a High Priest of Fedhas.
             Demolished by a minotaur
             ... wielding a +0 glaive
              (21 damage)
             ... in a Gauntlet.
             The game lasted 01:16:15 (15758 turns).

siradein the Carver (Vine Stalker Fighter)         Turns: 15758, Time: 01:16:15

Health: -17/70     AC: 31    Str: 21 (24) XL:     13   Next: 21%
Magic:  0/36       EV:  7    Int: 12      God:    Fedhas [*****.]
Gold:   813        SH:  0    Dex: 13 (14) Spells: 30/30 levels left

rFire    . . .     SeeInvis .   A - +0 great sword (flame)
rCold    . . .     Faith    .   (shield currently unavailable)
rNeg     . . .     Spirit   +   w - +4 plate armour {rPois}
rPois    +         Reflect  .   I - +2 helmet of the Cicada {Harm Int+4}
rElec    .         Harm     +   t - +0 cloak
rCorr    .         Rampage  .   V - +1 pair of gloves
Will     +....     NoTele   +   r - +0 pair of boots
Stlth    ..........             q - amulet of magic regeneration
HPRegen  1.21/turn              g - +4 ring of protection
MPRegen  0.50/turn              E - ring of magical power

@: no status effects
A: fangs 3, regeneration 1, magic shield, antimagic bite, no potion heal 2,
iridescent scales 2, deterioration 1
a: Renounce Religion, Wall of Briars, Grow Ballistomycete, Overgrow, Grow Oklob


You were in a Gauntlet.
You worshipped Fedhas.
Fedhas was extremely pleased with you.
You visited 3 branches of the dungeon, and saw 15 of its levels.
You also visited: Bailey and Gauntlet.

You collected 977 gold pieces.
You spent 164 gold pieces at shops.

Inventory:

Hand Weapons
 a - a +0 long sword
 A - a +0 great sword of flaming (weapon)
Missiles
 b - a throwing net
 h - 6 datura-tipped darts
 i - 6 curare-tipped darts
 x - 71 poisoned darts (quivered)
 y - 7 javelins
 F - 24 boomerangs
Armour
 c - a +1 kite shield
 r - a +0 pair of boots (worn)
 t - a +0 cloak (worn)
 w - a +4 plate armour of poison resistance (worn)
 I - the +2 helmet of the Cicada (worn) {Harm Int+4}
   (You found it in a Gauntlet)

   It affects your intelligence (+4).
   It increases damage dealt and taken.
 L - a +1 helmet of intelligence
 P - a +1 buckler
 V - a +1 pair of gloves (worn)
Jewellery
 g - a +4 ring of protection (left hand)
 k - a ring of wizardry
 q - an amulet of magic regeneration (around neck)
 B - a ring of poison resistance
 E - a ring of magical power (right hand)
 G - an amulet of reflection
 K - a +6 ring of intelligence
 N - a +4 ring of evasion
 Q - a ring of flight
Wands
 e - a wand of mindburst (16)
 p - a wand of flame (57)
 z - a wand of paralysis (8)
 W - a wand of iceblast (7)
Scrolls
 f - 6 scrolls of teleportation
 j - 2 scrolls of amnesia
 l - 3 scrolls of silence
 n - 5 scrolls of blinking {unknown}
 s - 2 scrolls of enchant weapon {unknown}
 H - a scroll of acquirement {unknown}
 J - a scroll of noise {unknown}
 M - 4 scrolls of magic mapping {unknown}
 O - 2 scrolls of enchant armour
 R - 2 scrolls of fog {unknown}
Potions
 d - 3 potions of might
 m - 5 potions of attraction
 o - a potion of magic
 u - a potion of flight {unknown}
 v - 2 potions of curing
 C - 2 potions of brilliance
 D - 2 potions of haste
 S - a potion of lignification {unknown}
 T - 9 potions of ambrosia
Miscellaneous
 U - a box of beasts


   Skills:
 + Level 9.0 Fighting
 + Level 14.5 Long Blades
 + Level 3.5 Armour
 + Level 2.3 Dodging
 + Level 3.9 Shields
 + Level 9.2 Spellcasting
 + Level 2.8 Invocations
 + Level 2.7 Evocations


You had 30 spell levels left.
You didn't know any spells.
Your spell library contained the following spells:

 Spells                   Type           Power      Damage    Failure   Level
 Corona                   Hex            5%         N/A       97%         1
 Magic Dart               Conj           20%        1d4       97%         1
 Shock                    Conj/Air       20%        1d4       97%         1
 Summon Small Mammal      Summ           20%        N/A       97%         1
 Blink                    Tloc           N/A        N/A       99%         2
 Call Imp                 Summ           5%         N/A       99%         2
 Corpse Rot               Necr/Air       N/A        N/A       99%         2
 Slow                     Hex            5%         N/A       99%         2
 Static Discharge         Conj/Air       5%         N/A       99%         2
 Call Canine Familiar     Summ           5%         N/A       100%        3
 Conjure Flame            Conj/Fire      5%         6-21      100%        3
 Inner Flame              Hex/Fire       5%         N/A       100%        3
 Mephitic Cloud           Conj/Pois/Air  5%         N/A       100%        3
 Portal Projectile        Hex/Tloc       10%        N/A       100%        3
 Summon Guardian Golem    Hex/Summ       5%         N/A       100%        3
 Swiftness                Air            5%         N/A       100%        3
 Airstrike                Air            2%         N/A       100%        4
 Cause Fear               Hex            2%         N/A       100%        4
 Leda's Liquefaction      Hex/Erth       2%         N/A       100%        4
 Olgreb's Toxic Radiance  Pois           5%         N/A       100%        4
 Summon Ice Beast         Ice/Summ       5%         N/A       100%        4
 Summon Lightning Spire   Summ/Air       5%         N/A       100%        4
 Lightning Bolt           Conj/Air       2%         1d14      100%        5


Dungeon Overview and Level Annotations

Branches:
Dungeon (11/15)            Temple (1/1) D:4            Lair (3/6) D:8
  Swamp (0/4) Lair:2       Spider (0/4) Lair:2          Orc (0/2) D:9
 Bailey (visited)         Gauntlet (1/1)

Altars:
Ashenzari
Cheibriados
Dithmenos
Elyvilon
Fedhas
Gozag
Hepliaklqana
Kikubaaqudgha
Makhleb
Nemelex Xobeh
Okawaru
Qazlal
Sif Muna
Trog
Uskayaw
Vehumet
Wu Jian
Xom
Yredelemnul
Zin
The Shining One

Shops:
D:6 (   D:7 (

Portals:
Trove: D:11 (give 6 scrolls of fear)

Annotations:
D:11 Snorg Gauntlet 8 transporters, 3 runed translucent doors


Innate Abilities, Weirdness & Mutations

You have razor-sharp teeth.
Your natural rate of healing is unusually fast.
When hurt, damage is shared between your health and your magic reserves.
Your bite disrupts and absorbs the magic of your enemies.
Potions cannot restore your health.
You are mostly covered in iridescent scales. (AC +4)
Your body sometimes deteriorates upon taking damage.


Message History

You feel invigorated.
The minotaur is moderately wounded.
The minotaur barely misses you. The minotaur gores you!
You are too injured to fight recklessly!
You are too injured to fight recklessly!
You are too injured to fight recklessly!
You are too injured to fight recklessly!
You are confused.
Your system rejects the healing.
You feel invigorated. The minotaur hits you with a +0 glaive!
Your body deteriorates!
You feel weakened.
The minotaur gores you but does no damage.
You bump into the metal wall.
The minotaur hits you with a +0 glaive!
* * * LOW HITPOINT WARNING * * *
The minotaur gores you but does no damage.
You bump into the metal wall.
The minotaur hits you but does no damage.
The minotaur gores you but does no damage.
You hit the minotaur but do no damage.
You bite the minotaur, but do no damage.
The minotaur is moderately wounded.
The minotaur hits you with a +0 glaive!!
* * * LOW HITPOINT WARNING * * *
Your body deteriorates!
You feel weakened.
The minotaur gores you but does no damage.
You're too confused to move!
The minotaur hits you with a +0 glaive!
* * * LOW HITPOINT WARNING * * *
The minotaur gores you but does no damage.
Unknown command.
You feel less invigorated.
You feel less confused. The minotaur barely misses you.
The minotaur throws a silver javelin.
The silver javelin pierces through you!
* * * LOW HITPOINT WARNING * * *
Your body deteriorates!
You feel weakened. The silver sears you!
* * * LOW HITPOINT WARNING * * *
The minotaur hits you from afar with a +0 glaive!!
You die...
Fedhas appreciates your contribution to the ecosystem.

..#.#.#[..#..≈#
.©#.#.©####..##
..#.#.....#..≈#
..#..####.#..##
..#....yy.#..≈####
..#########..###.#
..#..........##..#############
..#########..#...##....H.....#
..#.......#..#..@##.########.#
..#..####|#.8#.©.##.#......#.#
..#.#...#.#..#..H##.#H####.#H#
©©#.#.©.#©#.∩#.©....#.# #.#
..#.#...#.#..#...####.######.#
..#.####..#.8#.©.# #....H...#
..#.......#..#...# ##########
..#########..#...#
..#..........##..#


You could see a minotaur.

Vanquished Creatures
  A catoblepas (Gauntlet)
  A two-headed ogre (D:9)
  A tengu warrior (D:7)
  The ghost of Atlas the Chiller, a novice DsIE of Vehumet (D:7)
  An obsidian statue (Gauntlet)
  A bog body (Lair:2)
  An orc knight (Bailey)
  A moth of wrath (D:7)
  2 centaur zombies
  A black mamba (Lair:2)
  A gargoyle (Gauntlet)
  Maurice (D:9)
  4 cane toads
  Maggie (D:6)
  8 komodo dragons
  A rime drake (Lair:2)
  A queen bee (Lair:1)
  A troll (D:11)
  A jumping spider (Lair:2)
  Grinder (D:4)
  A tyrant leech (Lair:1)
  A raiju (Gauntlet)
  A hornet (D:9)
  9 redbacks (Lair:2)
  3 wyverns
  3 shadows
  28 yaks
  A wraith (D:10)
  A basilisk (Lair:2)
  3 steam dragons
  2 vampire mosquitoes (D:11)
  4 swamp worms
  An acid dragon (D:11)
  6 water moccasins
  4 black bears
  A sky beast (D:7)
  2 ice beasts
  A hornet zombie (D:9)
  A necrophage (D:5)
  13 orc warriors
  An ogre (D:5)
  A wolf (Lair:3)
  3 centaurs
  2 phantoms
  2 kobold brigands (D:7)
  7 bullfrogs
  3 scorpions
  3 troll zombies (D:9)
  A water moccasin skeleton (D:5)
  34 killer bees
  4 wights (D:8)
  An electric eel (Lair:2)
  5 jellies
  3 hounds
  5 orc priests
  4 iguanas
  5 orc wizards
  A killer bee zombie (D:8)
  3 ogre zombies (D:9)
  A howler monkey zombie (D:3)
  9 gnolls (Bailey)
  3 adders
  A howler monkey skeleton (D:6)
  A shadow imp (D:6)
  A white imp (D:7)
  2 ufetubi (D:5)
  2 worms
  38 orcs
  3 bats
  18 endoplasms
  4 giant cockroaches
  25 goblins
  18 hobgoblins
  8 kobolds
  3 quokkas
  5 ball pythons
  2 frilled lizards
  3 goblin zombies (D:9)
  A hobgoblin skeleton (D:9)
  3 hobgoblin zombies (D:9)
  An orc skeleton (D:9)
  11 orc zombies (D:9)
  3 rats
371 creatures vanquished.

Vanquished Creatures (collateral kills)
  3 wolves (Lair:3)
  An orc (Bailey)
4 creatures vanquished.

Vanquished Creatures (others)
  A sky beast (D:8)
  11 fungi
  13 plants
  A withered plant (Gauntlet)
26 creatures vanquished.

Grand Total: 401 creatures vanquished

Notes
Turn   | Place    | Note
-------+----------+-------------------------------------------
     0 | D:1      | siradein the Vine Stalker Fighter began the quest for the
                  | Orb.
     0 | D:1      | Reached XP level 1. HP: 11/11 MP: 2/2
    65 | D:1      | Reached skill level 2 in Long Blades
   468 | D:1      | Reached XP level 2. HP: 15/16 MP: 3/3
   945 | D:1      | Reached skill level 3 in Long Blades
  1209 | D:2      | Reached XP level 3. HP: 19/19 MP: 4/4
  2209 | D:3      | Found a faded altar of an unknown god.
  2386 | D:3      | Reached skill level 1 in Spellcasting
  2415 | D:3      | Gained mutation: Your natural rate of healing is unusually
                  | fast. [Vine Stalker growth]
  2415 | D:3      | Reached XP level 4. HP: 24/24 MP: 6/6
  2537 | D:3      | You fall into a shaft and drop 3 floors!
  2538 | D:6      | Noticed a scorpion
  2548 | D:6      | Killed a scorpion
  2549 | D:6      | Reached XP level 5. HP: 23/28 MP: 5/8
  2621 | D:6      | Found Fayjem's Weapon Shoppe.
  2748 | D:5      | Entered Level 5 of the Dungeon
  2767 | D:4      | Noticed Grinder
  2774 | D:4      | Paralysed by Grinder for 5 turns
  3444 | D:4      | Noticed a black bear
  3501 | D:4      | Paralysed by Grinder for 3 turns
  3508 | D:4      | Paralysed by Grinder for 6 turns
  3534 | D:4      | Paralysed by Grinder for 3 turns
  3570 | D:4      | Paralysed by Grinder for 3 turns
  3582 | D:4      | Killed Grinder
  3583 | D:4      | Reached skill level 4 in Long Blades
  3583 | D:4      | Reached XP level 6. HP: 33/33 MP: 9/11
  3737 | D:4      | Found a staircase to the Ecumenical Temple.
  3756 | Temple   | Entered the Ecumenical Temple
  3944 | D:3      | Killed a black bear
  3945 | D:3      | Reached XP level 7. HP: 35/37 MP: 10/13
  4128 | D:4      | Found a glowing golden altar of the Shining One.
  4350 | D:5      | Reached skill level 5 in Long Blades
  4433 | D:5      | Reached skill level 5 in Fighting
  4474 | D:5      | Gained mutation: You have razor-sharp teeth. [Vine Stalker
                  | growth]
  4474 | D:5      | Reached XP level 8. HP: 41/43 MP: 15/15
  4567 | D:5      | Found a broken altar of Ashenzari.
  4748 | D:5      | Reached skill level 5 in Spellcasting
  4833 | D:5      | Reached skill level 6 in Long Blades
  5095 | D:6      | Noticed Maggie
  5124 | D:6      | Killed Maggie
  5125 | D:6      | Reached XP level 9. HP: 32/49 MP: 15/19
  5157 | D:6      | Identified the Tome of the Weasel
  6091 | D:7      | Found a shadowy altar of Dithmenos.
  6091 | D:7      | Found a hide-covered altar of Uskayaw.
  6091 | D:7      | Found a burning altar of Makhleb.
  6189 | D:7      | Reached skill level 7 in Long Blades
  6206 | D:7      | Found Orunn's Hydra Hut.
  6213 | D:7      | Noticed a six-headed hydra
  6218 | D:7      | Bought a +0 great sword of flaming for 164 gold pieces
  6330 | D:7      | Noticed a tengu warrior
  6331 | D:7      | Noticed a moth of wrath
  6331 | D:7      | Noticed Atlas's ghost (novice DsIE)
  6333 | D:7      | Found a bloodstained altar of Trog.
  6351 | D:7      | Found a transporter.
  6356 | D:7      | Found a transporter.
  6582 | D:7      | Found a blossoming altar of Fedhas.
  6590 | D:7      | Became a worshipper of Fedhas Madash
  6696 | D:8      | Found a flagged portal.
  6728 | Bailey   | Entered a bailey
  6824 | Bailey   | Reached * piety under Fedhas
  6869 | Bailey   | Reached XP level 10. HP: 49/56 MP: 22/22
  6910 | Bailey   | Noticed an orc knight
  6959 | Bailey   | Killed an orc knight
  6960 | Bailey   | Reached skill level 8 in Long Blades
  7019 | Bailey   | Reached ** piety under Fedhas
  7139 | Bailey   | Identified the +3 broad axe "Latua" {protect, rElec}
  7285 | Bailey   | Noticed an orc knight
  7350 | Bailey   | Noticed an orc warlord
  7746 | Bailey   | Gained mutation: You are partially covered in iridescent
                  | scales. (AC +2) [potion of mutation]
  7746 | Bailey   | Gained mutation: Your body sometimes deteriorates upon
                  | taking damage. [potion of mutation]
  7746 | Bailey   | Gained mutation: You are mostly covered in iridescent
                  | scales. (AC +4) [potion of mutation]
  8996 | D:8      | Reached skill level 9 in Long Blades
  9032 | D:8      | Found a staircase to the Lair.
  9302 | D:8      | Found a basalt altar of Yredelemnul.
  9303 | D:8      | Found an opulent altar of Gozag.
  9303 | D:8      | Found a white marble altar of Elyvilon.
  9308 | D:8      | Found a snail-covered altar of Cheibriados.
  9590 | D:9      | Reached skill level 10 in Long Blades
  9590 | D:9      | Reached XP level 11. HP: 56/60 MP: 24/24
  9649 | D:9      | Reached *** piety under Fedhas
  9917 | D:9      | Noticed Maurice
  9934 | D:9      | Killed Maurice
 10060 | D:9      | Found a staircase to the Orcish Mines.
 10248 | D:9      | Noticed an oklob plant
 10259 | D:9      | Reached **** piety under Fedhas
 10344 | D:10     | Entered Level 10 of the Dungeon
 10375 | D:10     | Reached skill level 11 in Long Blades
 10577 | D:10     | Noticed a two-headed ogre
 10645 | D:9      | Killed a two-headed ogre
 10755 | D:10     | Reached skill level 12 in Long Blades
 11355 | D:11     | Found a portal to a secret trove of treasure.
 11487 | D:11     | Noticed Snorg
 11499 | D:11     | HP: 2/60 [Snorg (5)]
 11653 | Lair:1   | Entered Level 1 of the Lair of Beasts
 11712 | Lair:1   | Reached skill level 13 in Long Blades
 11726 | Lair:1   | Reached XP level 12. HP: 51/65 MP: 25/25
 12138 | Lair:1   | Reached ***** piety under Fedhas
 12287 | Lair:1   | Reached skill level 14 in Long Blades
 13263 | Lair:2   | Found a bloodstained altar of Trog.
 13429 | Lair:2   | Reached skill level 1 in Invocations
 13433 | Lair:2   | Reached skill level 1 in Evocations
 13528 | Lair:2   | Reached skill level 1 in Dodging
 13830 | D:7      | Killed a tengu warrior
 13851 | D:7      | Killed Atlas's ghost
 14353 | Lair:2   | Found a staircase to the Swamp.
 14430 | Lair:2   | Reached XP level 13. HP: 69/70 MP: 27/27
 14512 | Lair:2   | Found a hole to the Spider Nest.
 15011 | Lair:3   | Found a gate leading to a gauntlet.
 15020 | Gauntlet | Entered a Gauntlet
 15020 | Gauntlet | Found a transporter.
 15020 | Gauntlet | Found a transporter.
 15032 | Gauntlet | Found a transporter.
 15050 | Gauntlet | Found a transporter.
 15050 | Gauntlet | Found a transporter.
 15050 | Gauntlet | Found a transporter.
 15052 | Gauntlet | Found a transporter.
 15052 | Gauntlet | Found a transporter.
 15064 | Gauntlet | Found a transporter.
 15080 | Gauntlet | Found a transporter.
 15089 | Gauntlet | Found a runed translucent gate.
 15090 | Gauntlet | Found a transporter.
 15090 | Gauntlet | Found a runed translucent gate.
 15091 | Gauntlet | Found a runed translucent gate.
 15093 | Gauntlet | Noticed an entropy weaver
 15104 | Gauntlet | Found a transporter.
 15139 | Gauntlet | Found a transporter.
 15151 | Gauntlet | Found a transporter.
 15577 | Gauntlet | Identified the +2 helmet of the Cicada {Harm Int+4}
 15632 | Gauntlet | Identified the +5 swamp dragon scales of Qumunuje {+Blink
                  | rElec rPois rF- rN+}
 15632 | Gauntlet | Noticed a minotaur
 15756 | Gauntlet | HP: 2/70 [minotaur/silver javelin (2)]
 15758 | Gauntlet | Demolished by a minotaur

Illustrated notes

Levels and vault maps discovered:
D:1:      scummos_arrival_gate, layout_loops_ring
D:2:      layout_loops_corners
D:3:      minmay_wonky_spiral, layout_basic,
          chequers_ecumenical_altar_simple_redux
D:4:      layout_cave_pools, nicolae_tso_swordbearing_angel,
          minmay_temple_entry_arrows, uniq_grinder
D:5:      layout_rooms, kennysheep_little_box, nicolae_overflow_hidden_temple,
          minmay_quadrilaterals
D:6:      layout_loops_corners, serial_shops, kennysheep_mini_moat,
          minmay_fountain_box, hangedman_abyss_or_decor_slice, uniq_maggie
D:7:      layout_basic, gammafunk_temple_overflow_forgotten,
          lemuel_coloured_pillars_altar, gammafunk_ghost_wrathful_warriors,
          doesnt_shop_hydraphobe
D:8:      layout_basic, grunt_temple_overflow_open, erik_lair_dragon,
          enter_bailey_5
D:9:      lemuel_slime, layout_cave_pools, zombieorc1_lemuel, uniq_maurice
D:10:     layout_irregular_city
D:11:     layout_cave_pools, enter_trove_2, uniq_snorg
Temple:   jpeg_temple_clearing
Lair:1:   layout_roguey [special_room_bee], worms_lemuel
Lair:2:   layout_hall_layers, nicolae_swamp_entry_splash_gauntlet,
          nicolae_spider_entry_tight_spaces, basic_altar
Lair:3:   layout_hall_layers, gauntlet_entry_generic, serial_bayou_crossing,
          uniq_nergalle
Gauntlet: gammafunk_gauntlet_mixed_choke_point
          [minmay_gauntlet_arena_77_broken_ladder,
          minmay_gauntlet_arena_77_squiggly, minmay_gauntlet_arena_77_two_paths,
          gammafunk_gauntlet_arena_teeth,
          minmay_gauntlet_arena_77_radiant_squares,
          minmay_gauntlet_arena_77_box, minmay_gauntlet_arena_77_run_for_it,
          gauntlet_exit_spiral]

Skill      XL: |  1  2  3  4  5  6  7  8  9 10 11 12 13 |
---------------+----------------------------------------+-----
Long Blades    | 2 3 4 5 6 7 10 13 14 | 14.5
Spellcasting   | 1 3 4 6 7 8 9 |  9.2
Fighting       | 3 4 5 6 7 8 9 |  9.0
Invocations    | 2 |  2.8
Evocations     | 2 |  2.7
Shields        | 3 |  3.9
Dodging        | 1 2 |  2.3
Armour         | 3 |  3.5

Action                   |  1- 3 |  4- 6 |  7- 9 | 10-12 | 13-15 || total
-------------------------+-------+-------+-------+-------+-------++-------
Melee: Long sword        |    85 |    61 |   292 |   724 |    55 ||  1217
       Bite              |    27 |    22 |   119 |   426 |    43 ||   637
       Great sword       |       |       |    42 |   394 |    36 ||   472
Invok: Wall of Briars    |       |       |       |     5 |       ||     5
Evoke: Wand              |       |       |       |     6 |       ||     6
  Use: Scroll            |     1 |       |       |    13 |     2 ||    16
       Potion            |       |       |       |     3 |     2 ||     5
Armor: Scale mail        |    42 |    31 |    73 |       |       ||   146
       Plate armour      |       |       |   161 |   820 |    70 ||  1051
Dodge: Dodged            |    28 |    24 |   124 |   375 |    25 ||   576
Block: Kite shield       |    58 |    35 |    56 |       |       ||   149
       Buckler           |       |       |    29 |   119 |    12 ||   160
       Rpst.: Long sword |    12 |     5 |    30 |    71 |     4 ||   122
       Great sword       |       |       |     9 |    51 |     4 ||    64

Table legend: (Time is in decaauts)
 A = Elapsed time spent in this place.
 B = Non-inter-level travel time spent in this place.
 C = Inter-level travel time spent in this place.
 D = Time resting spent in this place.
 E = Time spent auto-exploring this place.
 F = Levels seen in this place.
 G = Mean time per level.
                   A        B        C        D        E       F      G
               +--------+--------+--------+--------+--------+-----+--------+
         Total |  15991 |  14517 |   1474 |    431 |   8786 |  17 |  940.6 |
       Dungeon |  10794 |   9533 |   1261 |    295 |   6762 |  11 |  981.3 |
        Temple |    148 |    148 |      0 |      0 |    124 |   1 |  148.0 |
          Lair |   2376 |   2163 |    213 |     31 |   1419 |   3 |  792.0 |
        Bailey |   1940 |   1940 |      0 |     30 |    279 |   1 | 1940.0 |
      Gauntlet |    731 |    731 |      0 |     74 |    201 |   1 |  731.0 |
               +--------+--------+--------+--------+--------+-----+--------+

Top non-repeatable levels by time:
  Bailey: 1940 daAuts
     D:8: 1645 daAuts
     D:6: 1304 daAuts
  Lair:1: 1238 daAuts
     D:1: 1187 daAuts
     D:3: 1171 daAuts
     D:7: 1097 daAuts
  Lair:2: 1036 daAuts
     D:5: 897 daAuts
     D:9: 895 daAuts
     D:2: 850 daAuts
    D:10: 777 daAuts
Gauntlet: 731 daAuts
     D:4: 677 daAuts
    D:11: 289 daAuts
